 Dungeon Crawl Stone Soup version 0.31-a0-145-g046c7d2549 (webtiles) character file.

Game seed: 7954832527367899553

623 kanepazzo the Trooper (level 7, -8/55 HPs)
             Began as a Human Fighter on June 4, 2023.
             Mangled by an ogre
             ... wielding a +0 giant club
              (14 damage)
             ... on level 6 of the Dungeon.
             The game lasted 00:20:42 (2852 turns).

kanepazzo the Trooper (Human Fighter)               Turns: 2852, Time: 00:20:42

Health: -8/55      AC: 15    Str: 18    XL:     7   Next: 75%
Magic:  7/7        EV:  5    Int:  8    God:
Gold:   255        SH:  5    Dex: 13    Spells: 6/6 levels left

rFire   . . .        m - +2 hand axe (vamp)
rCold   . . .        c - +0 buckler
rNeg    . . .        s - +0 plate armour
rPois   .            (no helmet)
rElec   .            (no cloak)
rCorr   .            h - +2 pair of gloves
SInv    .            (no boots)
Will    .....        (no amulet) Stlth
                     (no ring)
HPRegen 0.29/turn    (no ring)
MPRegen 0.10/turn

%: no passive effects
@: no status effects
A: no striking features
a: no special abilities


You were on level 6 of the Dungeon.
You visited 2 branches of the dungeon, and saw 7 of its levels.

You collected 255 gold pieces.

Inventory:

Hand Weapons
 a - a +0 long sword
 m - a +2 vampiric hand axe (weapon)
Armour
 c - a +0 buckler (worn)
 h - a +2 pair of gloves (worn)
 s - a +0 plate armour (worn)
Scrolls
 e - 2 scrolls of enchant weapon {unknown}
 f - 2 scrolls of poison {unknown}
 g - 6 scrolls of identify {unknown}
 j - a scroll of blinking {unknown}
 p - a scroll of enchant armour {unknown}
 q - a scroll of fog {unknown}
 r - a scroll of noise {unknown}
Potions
 d - a potion of might
 i - 2 potions of heal wounds
 k - 2 potions of enlightenment {unknown}
 l - a potion of attraction {unknown}
 n - a potion of berserk rage {unknown}
 o - a potion of curing {unknown}


   Skills:
 + Level 4.6 Fighting
 + Level 3.3 Long Blades
 + Level 3.4 Axes
 + Level 4.6 Armour
 + Level 1.5 Dodging
 + Level 0.2 Stealth
 + Level 4.1 Shields
 + Level 0.3 Unarmed Combat


You had 6 spell levels left.
You didn't know any spells.
Your spell library contained the following spells:

 Spells                   Type           Power      Damage    Failure   Level
 Sting                    Tmut/Pois      0%         1d3       100%        1
 Poisonous Vapours        Pois/Air       0%         N/A       100%        2
 Olgreb's Toxic Radiance  Pois           0%         N/A       100%        4


Dungeon Overview and Level Annotations

Branches:
Dungeon (6/15)             Temple (1/1) D:4

Altars:
Ashenzari
Cheibriados
Dithmenos
Elyvilon
Gozag
Hepliaklqana
Kikubaaqudgha
Makhleb
Okawaru
Ru
Sif Muna
Trog
Uskayaw
Xom
Yredelemnul
Zin
The Shining One

Shops:
D:1 (


Message History

You hit the sleepcap.
You feel better.
The sleepcap is severely damaged.
The sleepcap barely misses you.
You hit the sleepcap.
The sleepcap is severely damaged.
The sleepcap barely misses you.
The sleepcap releases spores at you but does no damage.
You hit the sleepcap.
You feel better.
The sleepcap is almost destroyed.
The sleepcap barely misses you.
You hit the sleepcap.
You destroy the sleepcap!
An iguana comes into view.
The iguana hisses angrily.
The iguana hisses menacingly.
An ogre comes into view. It is wielding a +0 giant club.
You see here a ruby potion.
You hit the ogre.
You feel better.
The ogre is moderately wounded.
You block the ogre's attack.
You barely miss the ogre.
The ogre is moderately wounded.
You barely miss the iguana.
The iguana bites you but does no damage.
The ogre hits you with a +0 giant club.
You hit the ogre.
You feel better.
The ogre is moderately wounded.
You hit the iguana but do no damage. The iguana bites you.
You block the iguana's attack.
The ogre hits you with a +0 giant club!!
* * * LOW HITPOINT WARNING * * *
You hit the ogre but do no damage.
The ogre is moderately wounded.
You hit the iguana but do no damage. The iguana bites you.
* * * LOW HITPOINT WARNING * * *
The ogre attacks as you move away! The ogre hits you but does no damage.
You block the iguana's attack.
You see here a ruby potion.
The ogre attacks as you move away! The ogre hits you with a +0 giant club!
You die...

#. .. .. .###. .## ...
... #.# ..# ##.## ..#
##...######## ..#
###.......@O..#
..#####.........l#.....#
<......)##..#.##.#.....#
....))).##.##.##.......#
.......###.##.####.....#
..#.#### #.##.# .....#
..#.# #.##.. ..####
..#.# #.#### ### ..#.#
#.#


You could see an ogre and an iguana.

Vanquished Creatures
  A black bear (D:4)
  2 ogres
  A phantom (D:4)
  A gnoll bouda (D:4)
  A sleepcap (D:6)
  An orc wizard (D:6)
  8 gnolls (D:4)
  4 adders
  An ufetubus (D:5)
  2 worms
  A dart slug (D:4)
  13 orcs
  3 bats
  2 endoplasms
  A giant cockroach (D:2)
  5 goblins
  9 hobgoblins
  4 jackals (D:1)
  3 quokkas
  3 ball pythons
  3 frilled lizards
  7 kobolds
  A rat (D:2)
77 creatures vanquished.

Notes
Turn   | Place    | Note
-------+----------+-------------------------------------------
     0 | D:1      | kanepazzo the Human Fighter began the quest for the Orb.
     0 | D:1      | Reached XP level 1. HP: 18/18 MP: 1/1
   387 | D:1      | Reached XP level 2. HP: 24/24 MP: 2/2
   441 | D:1      | Found Roaq's Weapon Shoppe.
   681 | D:1      | Reached XP level 3. HP: 29/29 MP: 3/3
  1349 | D:3      | Reached XP level 4. HP: 36/36 MP: 4/4
  1449 | D:3      | Found a snail-covered altar of Cheibriados.
  1827 | D:4      | Reached XP level 5. HP: 32/42 MP: 5/5
  1870 | D:4      | Noticed a phantom
  1885 | D:4      | Killed a phantom
  1886 | D:4      | Reached skill level 1 in Axes
  1886 | D:4      | Reached XP level 6. HP: 47/49 MP: 6/6
  2078 | D:4      | Found a staircase to the Ecumenical Temple.
  2121 | D:4      | Noticed a black bear
  2160 | D:4      | Killed a black bear
  2161 | D:4      | Reached skill level 1 in Dodging
  2161 | D:4      | Reached XP level 7. HP: 17/55 MP: 7/7
  2276 | Temple   | Entered the Ecumenical Temple
  2518 | D:5      | Entered Level 5 of the Dungeon
  2852 | D:6      | Mangled by an ogre

Illustrated notes

Levels and vault maps discovered:
D:1:      dpeg_arrival_court, layout_basic, serial_shops,
          nicolae_shop_bloodbath_and_beyond, minmay_misc_feat_doors,
          minmay_misc_feat_roman
D:2:      layout_rooms
D:3:      layout_loops_corners, general_overflow_altar, amcnicky_altar_gilded
D:4:      layout_loops_ring, minmay_temple_entry_purple_smoke
D:5:      layout_basic, hangedman_decor_diamond_cutter
D:6:      layout_loops_cross, minmay_microvault
Temple:   lightli_temple_of_artemis

Skill      XL: |  1  2  3  4  5  6  7 |
---------------+----------------------+-----
Fighting       | 4 |  4.6
Long Blades    | 3 |  3.3
Axes           | 1 3 |  3.4
Armour         | 4 |  4.6
Dodging        | 1 |  1.5
Shields        | 4 |  4.1
Stealth        | |  0.2
Unarmed Combat | |  0.3

Action                     |  1- 3 |  4- 6 |  7- 9 || total
---------------------------+-------+-------+-------++-------
  Melee: Long sword        |    65 |    18 |       ||    83
         Hand axe          |       |    87 |    79 ||   166
         Unarmed           |       |       |    15 ||    15
    Use: Potion            |       |     1 |       ||     1
 Armour: Scale mail        |    30 |    67 |     3 ||   100
         Plate armour      |       |       |    48 ||    48
         Skin              |       |       |     3 ||     3
  Dodge: Dodged            |    30 |    70 |    30 ||   130
  Block: Buckler           |    10 |    42 |    23 ||    75

Table legend: (Time is in decaauts)
 A = Elapsed time spent in this place.
 B = Non-inter-level travel time spent in this place.
 C = Inter-level travel time spent in this place.
 D = Time resting spent in this place.
 E = Time spent auto-exploring this place.
 F = Levels seen in this place.
 G = Mean time per level.
                   A        B        C        D        E       F      G
               +--------+--------+--------+--------+--------+-----+--------+
         Total |   2910 |   2910 |      0 |    200 |      0 |   7 |  415.7 |
       Dungeon |   2868 |   2868 |      0 |    200 |      0 |   6 |  478.0 |
        Temple |     41 |     41 |      0 |      0 |      0 |   1 |   41.0 |
               +--------+--------+--------+--------+--------+-----+--------+

Top non-repeatable levels by time:
     D:1: 893 daAuts
     D:4: 662 daAuts
     D:3: 594 daAuts
     D:2: 369 daAuts
     D:5: 260 daAuts
     D:6: 87 daAuts
  Temple: 41 daAuts
